 Dungeon Crawl Stone Soup version 0.30-a0-457-g4b7bca3bfa (webtiles) character file.

Game seed: 5430892535798713144

11289 Prqq the Brawler (level 11, -7/111 HPs)
             Began as a Troll Chaos Knight on Dec 13, 2022.
             Was a Plaything of Xom.
             Shot with a bolt by an orc warrior (18 damage)
             ... on level 2 of the Orcish Mines.
             The game lasted 00:40:19 (8236 turns).

Prqq the Brawler (Troll Chaos Knight)               Turns: 8236, Time: 00:40:19

Health: -7/111     AC:  7    Str: 38    XL:     11   Next: 47%
Magic:  10/10      EV: 11    Int:  8    God:    Xom [*.....]
Gold:   1029       SH:  0    Dex: 12    Spells: 10/10 levels left

rFire   . . .      SeeInvis +      - Unarmed
rCold   . . .      Faith    .    (no shield)
rNeg    + . .      Spirit   .    Q - +2 robe {Will+}
rPois   .          Reflect  .    B - +0 hat {SInv}
rElec   .          Harm     .    i - +0 cloak
rCorr   +          Rampage  .    (gloves unavailable)
Will    +....                    (boots unavailable)
Stlth   +.........               (no amulet)
HPRegen 1.18/turn                n - +6 ring of strength
MPRegen 0.12/turn                c - ring "Aliestro" {rN+ rCorr Str+6 Dex+3}

@: no status effects
A: large, unfitting armour, claws 3, regeneration 1, shaggy fur 1, tough skin 1,
robust 1
a: Renounce Religion


You were on level 2 of the Orcish Mines.
You worshipped Xom.
You were a special plaything of Xom.
You visited 2 branches of the dungeon, and saw 13 of its levels.
You also visited: Sewer.

You collected 1029 gold pieces.

Inventory:

Hand Weapons
 y - the +9 mace of Modern Action {vorpal, rF+ Stlth+}
   (You found it on level 4 of the Dungeon)

   It inflicts extra damage upon your enemies.
   rF:        It protects you from fire.
   Stlth:     It makes you more stealthy.
 P - the +10 hand axe "Figadita" {flame, Int+7}
   (You found it on level 7 of the Dungeon)

   It burns those it strikes, dealing additional fire damage.
   Big, fiery blades are also staple armaments of hydra-hunters.
   Int:       It affects your intelligence (+7).
Missiles
 h - a throwing net
 k - 41 poisoned darts
 l - 21 boomerangs
 r - 2 javelins
 G - 3 boomerangs of dispersal
 V - a curare-tipped dart
 Z - 10 large rocks
Armour
 i - a +0 cloak (worn)
 B - a +0 hat of see invisible (worn)
 N - an orb of wrath
 Q - a +2 robe of willpower (worn)
Magical Staves
 e - a staff of cold
Jewellery
 c - the ring "Aliestro" (right claw) {rN+ rCorr Str+6 Dex+3}
   (You found it in a sewer)

   [ring of strength]

   Str:       It affects your strength (+6).
   Dex:       It affects your dexterity (+3).
   rN:        It protects you from negative energy.
   rCorr:     It protects you from acid and corrosion.
 n - a +6 ring of strength (left claw)
 x - a ring of protection from fire
 F - a ring of magical power
 S - a ring of poison resistance
Wands
 d - a wand of digging (6)
 z - a wand of charming (4)
 C - a wand of roots (14)
 J - a wand of polymorph (4)
 M - a wand of quicksilver (17)
 Y - a wand of mindburst (8)
Scrolls
 g - 9 scrolls of teleportation
 m - 2 scrolls of vulnerability
 p - 3 scrolls of blinking
 s - 4 scrolls of magic mapping
 t - a scroll of poison
 u - 3 scrolls of brand weapon
 v - 4 scrolls of enchant weapon
 D - 3 scrolls of silence
 L - a scroll of noise
 R - a scroll of fear
 T - 2 scrolls of fog
 W - a scroll of immolation
 X - a scroll of identify
Potions
 a - a potion of mutation {unknown}
 f - 3 potions of attraction {unknown}
 j - 3 potions of berserk rage {unknown}
 o - a potion of magic {unknown}
 q - 3 potions of haste {unknown}
 w - 5 potions of curing {unknown}
 A - 4 potions of lignification
 E - 3 potions of degeneration {unknown}
 H - 3 potions of brilliance {unknown}
 I - a potion of invisibility {unknown}
 U - 3 potions of heal wounds {unknown}
Miscellaneous
 b - a piece from Xom's chessboard (15/15) (quivered)


   Skills:
 + Level 4.8 Fighting
 * Level 3.1 Maces & Flails
 + Level 0.3 Throwing
 + Level 5.8 Dodging
 + Level 15.9 Unarmed Combat


You had 10 spell levels left.
You didn't know any spells.
Your spell library contained the following spells:

 Spells                   Type           Power      Damage    Failure   Level
 Sting                    Tmut/Pois      0%         1d3       41%         1
 Summon Small Mammal      Summ           0%         N/A       41%         1
 Blink                    Tloc           0%         N/A       54%         2
 Ensorcelled Hibernation  Hex/Ice        0%         N/A       54%         2
 Momentum Strike          Conj/Tloc      0%         3d8       54%         2
 Passwall                 Tmut/Erth      0%         N/A       54%         2
 Poisonous Vapours        Pois/Air       0%         N/A       54%         2
 Call Canine Familiar     Summ           0%         N/A       78%         3
 Lesser Beckoning         Tloc           0%         N/A       78%         3
 Portal Projectile        Hex/Tloc       0%         N/A       78%         3
 Stone Arrow              Conj/Erth      0%         3d7       78%         3
 Summon Guardian Golem    Hex/Summ       0%         N/A       78%         3
 Swiftness                Air            0%         N/A       78%         3
 Tukima's Dance           Hex            0%         N/A       78%         3
 Airstrike                Air            0%         2d(0-16)  99%         4
 Animate Armour           Summ/Erth      0%         N/A       99%         4
 Leda's Liquefaction      Hex/Erth       0%         N/A       99%         4
 Olgreb's Toxic Radiance  Pois           0%         N/A       99%         4
 Summon Lightning Spire   Summ/Air       0%         N/A       99%         4
 Blade Hands              Tmut           0%         N/A       100%        5
 Lightning Bolt           Conj/Air       0%         1d11      100%        5
 Lehudib's Crystal Spear  Conj/Erth      0%         10d2      100%        8


Dungeon Overview and Level Annotations

Branches:
Dungeon (11/15)            Temple (0/1) D:5             Orc (2/2) D:10
  Sewer (visited)
   Lair: D:8-11         Elf: Orc:2

Altars:
Cheibriados
Dithmenos
Gozag
Makhleb
Qazlal
Xom
Yredelemnul


Innate Abilities, Weirdness & Mutations

You are too large for most types of armour.
You have claws for hands.
Your natural rate of healing is unusually fast.
You are covered in fur. (AC +1)
You have tough skin. (AC +1)
You are robust. (+10% HP)


Message History

An orc warlord comes into view.
It is wielding a +1 dire flail of draining and wearing a +1 plate armour of poison resistance.
The warg barely misses you.
You're too confused to move!
The orc warlord roars a battlecry!
The warg bites you.
Unknown command.
An orc warrior comes into view. It is wielding a +0 halberd.
The orc warrior shouts!
You hear a shout! x2
The orc warrior unwields a +0 halberd.
The orc warrior wields a +0 arbalest.
The orc warrior shoots a bolt.
The bolt barely misses you.
You hear a shout!
You miss the warg. The warg bites you!
An orc warrior comes into view. It is wielding a +0 scimitar.
The orc warrior shoots a bolt.
The bolt hits you!
You hear a shout!
Unknown command.
An orc warrior comes into view. It is wielding a +0 dire flail.
The warg bites you! The warg barely misses you. The warg closely misses you.
The orc warrior shoots a bolt.
The bolt hits you!!
You hear a shout!
The warg closely misses you.
You feel less confused. The warg barely misses you.
A gnoll comes into view. It is wielding a +0 whip.
The orc warrior unwields a +0 scimitar.
The orc warrior wields a +0 arbalest.
The orc warrior shoots a bolt.
The bolt hits you!
The orc warrior shoots a bolt.
The bolt hits you!!
* * * LOW HITPOINT WARNING * * *
You hear a shout! x2
The warg attacks as you move away! The warg closely misses you.
The orc warlord roars a battlecry!
The orc warrior goes into a battle-frenzy!
The warg closely misses you.
The orc warrior shoots a bolt.
The bolt barely misses you.
The orc warrior shoots a bolt.
The bolt hits you!
* * * LOW HITPOINT WARNING * * *
There is a stone staircase leading up here.
The warg closely misses you.
The orc warrior shoots a bolt.
The bolt closely misses you.
The orc warrior shoots a bolt.
The bolt hits you!!
You die...
Xom bursts into laughter!

.g..............
.g.............
#.............
#.o...........
##.o...........
#.$...........$
##.#...o......#
#......h.......
........@.......
...........##o..
.......#.### ..
.......### .
......# ......
...### ..


You could see an orc warlord, a warg, 3 orc warriors and a gnoll.

Vanquished Creatures
  A two-headed ogre (D:10)
  Nergalle (D:10)
  3 cyclopes
  An unseen horror zombie (D:9)
  A kobold demonologist (D:9)
  2 komodo dragons (D:11)
  A troll (D:10)
  2 hornets
  Prince Ribbit (D:6)
  A vampire (D:10)
  2 wyverns
  3 steam dragons
  3 yaks (D:8)
  A vampire mosquito (D:6)
  Menkaure (D:4)
  3 wargs
  6 orc warriors
  2 ice beasts
  7 ogres
  4 centaurs
  3 kobold brigands
  4 bullfrogs
  A gnoll sergeant (D:9)
  3 necrophages
  9 scorpions
  5 killer bees
  4 howler monkeys
  A crimson imp (D:9)
  2 hounds (D:6)
  9 orc priests
  A centaur zombie (D:9)
  A jelly (D:7)
  Crazy Yiuf (D:5)
  6 iguanas
  19 orc wizards
  4 gnolls (D:9)
  11 adders
  A river rat (D:4)
  A white imp (D:9)
  An ufetubus (D:7)
  A worm (D:3)
  3 dart slugs
  40 orcs
  17 ball pythons
  8 bats
  14 endoplasms
  20 giant cockroaches
  21 goblins
  11 hobgoblins
  8 quokkas
  9 frilled lizards
  23 kobolds
  11 rats
319 creatures vanquished.

Vanquished Creatures (collateral kills)
  An orc sorcerer (Orc:1)
  A kobold brigand (D:10)
  An orc priest (D:10)
  An orc wizard (D:10)
  A gnoll (D:9)
  A kobold (D:10)
6 creatures vanquished.

Vanquished Creatures (others)
  8 fungi
  A plant (D:11)
9 creatures vanquished.

Grand Total: 334 creatures vanquished

Notes
Turn   | Place    | Note
-------+----------+-------------------------------------------
     0 | D:1      | Prqq the Troll Chaos Knight began the quest for the Orb.
     0 | D:1      | Reached XP level 1. HP: 22/22 MP: 0/0
    21 | D:1      | XOM: smoke on damage
    27 | D:1      | XOM: potion effect (curing)
    66 | D:1      | Reached XP level 2. HP: 27/29 MP: 1/1
   297 | D:1      | Reached XP level 3. HP: 35/36 MP: 2/2
   578 | D:1      | XOM: silly message
   617 | D:1      | Reached skill level 4 in Unarmed Combat
   691 | D:1      | XOM: silly message
  1352 | D:3      | Reached XP level 4. HP: 39/44 MP: 3/3
  1363 | D:3      | XOM: potion effect (curing)
  1402 | D:3      | Reached skill level 5 in Unarmed Combat
  1637 | D:3      | Reached XP level 5. HP: 50/50 MP: 4/4
  1730 | D:3      | XOM: divination: detect items
  1792 | D:3      | XOM: divination: detect creatures
  1899 | D:4      | Noticed Menkaure
  1906 | D:4      | Killed Menkaure
  1907 | D:4      | Reached skill level 6 in Unarmed Combat
  1907 | D:4      | Reached XP level 6. HP: 42/59 MP: 5/5
  1994 | D:4      | Found a glowing drain.
  2001 | Sewer    | Entered a sewer
  2197 | Sewer    | Reached skill level 7 in Unarmed Combat
  2203 | Sewer    | Identified the ring "Aliestro" {rN+ rCorr Str+6 Dex+3}
  2220 | Sewer    | Reached XP level 7. HP: 62/66 MP: 6/6
  2256 | D:4      | XOM is BORED!
  2256 | D:4      | XOM: silly message
  2679 | D:4      | Identified the +9 mace of Modern Action {vorpal, rF+
                  | Stlth+}
  2817 | D:4      | XOM: divination: magic mapping
  2938 | D:4      | XOM: divination: detect creatures
  2958 | D:4      | XOM is BORED!
  2958 | D:4      | XOM: silly message
  2980 | D:5      | Entered Level 5 of the Dungeon
  3060 | D:5      | Reached skill level 8 in Unarmed Combat
  3087 | D:5      | XOM: silly message
  3106 | D:5      | XOM: silly message
  3147 | D:5      | XOM: potion effect (might)
  3167 | D:5      | Found a staircase to the Ecumenical Temple.
  3182 | D:5      | Found a snail-covered altar of Cheibriados.
  3335 | D:5      | XOM: noise
  3413 | D:5      | XOM: divination: detect creatures
  3450 | D:5      | Found a runed translucent door.
  3451 | D:5      | Noticed Crazy Yiuf
  3459 | D:5      | Killed Crazy Yiuf
  3522 | D:6      | Noticed Prince Ribbit
  3523 | D:6      | XOM: polymorph Prince Ribbit -> Prince Ribbit
  3527 | D:6      | XOM: summons friendly ufetubus
  3532 | D:6      | Killed Prince Ribbit
  3533 | D:6      | Reached skill level 9 in Unarmed Combat
  3533 | D:6      | Reached XP level 8. HP: 55/75 MP: 7/7
  3548 | D:6      | XOM: enchant monster (good)
  3591 | D:6      | XOM: 3-stop teleportation journey
  3709 | D:6      | Reached skill level 10 in Unarmed Combat
  3787 | D:6      | XOM: scenery: 1 doors close
  3792 | D:6      | XOM: noise
  3897 | D:6      | XOM: give mutation
  3897 | D:6      | Gained mutation: You are robust. (+10% HP) [Xom's grace]
  3918 | D:6      | Found a runed translucent door.
  3920 | D:6      | Found a runed translucent door.
  3929 | D:6      | Reached skill level 11 in Unarmed Combat
  3938 | D:6      | Reached XP level 9. HP: 84/89 MP: 8/8
  3995 | D:6      | XOM is BORED!
  3995 | D:6      | XOM: noise
  4657 | D:7      | Reached skill level 12 in Unarmed Combat
  4729 | D:7      | XOM: god gift: 2 scrolls of amnesia
  4827 | D:7      | Identified the +10 hand axe "Figadita" {flame, Int+7}
  5180 | D:8      | XOM: scenery: create altars
  5226 | D:8      | XOM: silly message
  5269 | D:8      | Found a stormy altar of Qazlal.
  5613 | D:8      | XOM: divination: detect items
  5615 | D:8      | Reached skill level 13 in Unarmed Combat
  5620 | D:8      | XOM: scenery: summon butterflies
  5738 | D:9      | XOM: divination: detect items
  5805 | D:9      | Noticed a kobold demonologist
  5807 | D:9      | XOM: confuse monster(s)
  5812 | D:9      | Killed a kobold demonologist
  5813 | D:9      | Reached XP level 10. HP: 94/100 MP: 9/9
  5877 | D:9      | Reached skill level 14 in Unarmed Combat
  5948 | D:8      | XOM: noise
  5960 | D:9      | XOM: 1-stop teleportation journey
  6055 | D:9      | XOM: noise
  6081 | D:9      | XOM: summons 10 friendly demons
  6203 | D:9      | XOM: cloud trail
  6467 | D:9      | Found a basalt altar of Yredelemnul.
  6521 | D:10     | Entered Level 10 of the Dungeon
  6523 | D:10     | XOM: confusion (+ monsters)
  6539 | D:10     | Found a staircase to the Orcish Mines.
  6595 | D:10     | Found a burning altar of Makhleb.
  6607 | D:10     | XOM: noise
  6682 | D:10     | XOM: confuse monster(s)
  6717 | D:10     | Noticed a two-headed ogre
  6719 | D:10     | XOM: cast spell 'Olgreb's Toxic Radiance'
  6725 | D:10     | XOM: divination: magic mapping
  6726 | D:10     | XOM: potion effect (heal wounds)
  6730 | D:10     | Killed a two-headed ogre
  6731 | D:10     | Reached skill level 5 in Dodging
  6731 | D:10     | Reached skill level 15 in Unarmed Combat
  6826 | D:10     | Found an opulent altar of Gozag.
  7068 | D:10     | Found a shadowy altar of Dithmenos.
  7079 | D:11     | Noticed a cyclops
  7084 | D:11     | Killed a cyclops
  7085 | D:11     | Reached skill level 1 in Maces & Flails
  7102 | D:11     | XOM: enchant monster (bad)
  7152 | D:11     | XOM: god gift: 29 gold pieces
  7161 | D:11     | Noticed a manticore
  7163 | D:11     | a manticore changed into a komodo dragon
  7163 | D:11     | XOM: polymorph manticore -> komodo dragon
  7174 | D:11     | Reached XP level 11. HP: 82/110 MP: 10/10
  7243 | D:11     | Noticed a tengu warrior
  7244 | D:11     | Noticed a tengu warrior
  7258 | D:11     | a tengu warrior changed into a glowing orange brain
  7258 | D:11     | Noticed a glowing orange brain
  7258 | D:11     | XOM: polymorph tengu warrior -> glowing orange brain
  7260 | D:11     | Noticed a boulder beetle
  7308 | D:10     | XOM: god gift: wand of charming (4)
  7343 | Orc:1    | Entered Level 1 of the Orcish Mines
  7343 | Orc:1    | Noticed an orc sorcerer
  7346 | Orc:1    | XOM: cleaving
  7346 | Orc:1    | Paralysed by an orc sorcerer for 4 turns
  7349 | Orc:1    | XOM: enchant monster (good)
  7349 | Orc:1    | Killed an orc sorcerer
  7488 | Orc:1    | Noticed Nergalle
  7492 | D:10     | XOM: polymorph orc -> frilled lizard
  7650 | D:10     | Killed Nergalle
  8018 | Orc:1    | XOM: butterfly on damage
  8172 | Orc:2    | Entered Level 2 of the Orcish Mines
  8177 | Orc:2    | Noticed an orc knight
  8180 | Orc:2    | XOM: chaos upgrade
  8188 | Orc:2    | Noticed an orc knight
  8189 | Orc:2    | XOM: fake destruction
  8193 | Orc:2    | Noticed an orc sorcerer
  8227 | Orc:2    | XOM: confusion
  8227 | Orc:2    | Noticed an orc warlord
  8236 | Orc:2    | Shot with a bolt by an orc warrior

Illustrated notes

Levels and vault maps discovered:
D:1:      lemuel_arrival_tunnels, layout_basic, chequers_garden
D:2:      layout_basic
D:3:      layout_rooms, grunt_decor_fettered
D:4:      layout_basic, gup_sewer_entry_spiral, uniq_menkaure
D:5:      layout_gridville, mainiacjoe_overflow_24_doors,
          minmay_temple_entry_grid, nrook_mini_vaults, uniq_crazy_yiuf_cottage
D:6:      lemuel_insect_pit, layout_cave_pods, minmay_ogre_servants,
          uniq_prince_ribbit1
D:7:      layout_loops_ring, minmay_misc_feat_cross
D:8:      layout_loops_ring, nicolae_qazlal_general_emergency,
          small_statue_intersection
D:9:      layout_cave_pools, lemuel_zombie_altar_yredelemnul,
          minmay_fire_ice_demons
D:10:     layout_rooms, nicolae_overflow_crystal_walls,
          nicolae_gozag_cash_rules_everything_around_me,
          mainiacjoe_overflow_alcove_1, orc_0_dummy
D:11:     layout_rooms, grunt_lair_entry_orc_guard_hut
Orc:1:    layout_caves, uniq_nergalle
Orc:2:    grunt_orc_gardens, layout_diamond_mine, grunt_orc_garden,
          grunt_orc_garden, grunt_orc_garden, grunt_orc_garden, special_room,
          basic_altar, minmay_orc_keep

Skill      XL: |  1  2  3  4  5  6  7  8  9 10 11 |
---------------+----------------------------------+-----
Dodging        | 2 3 4 5 |  5.8
Unarmed Combat | 4 5 6 7 9 11 13 15 | 15.9
Fighting       | 3 4 |  4.8
Maces & Flails | 1 3 |  3.1
Throwing       | |  0.3

Action                   |  1- 3 |  4- 6 |  7- 9 | 10-12 || total
-------------------------+-------+-------+-------+-------++-------
Melee: Unarmed           |   130 |   172 |   202 |   213 ||   717
       Punch             |     1 |     2 |     9 |    15 ||    27
Throw: Dart              |       |       |       |     1 ||     1
       Large rock        |       |       |       |     3 ||     3
       Javelin           |       |       |       |     1 ||     1
  Use: Scroll            |     1 |     5 |     5 |     3 ||    14
       Potion            |       |       |     1 |       ||     1
 Stab: Sleeping          |     1 |     1 |       |       ||     2
       Petrifying        |       |       |     1 |       ||     1
Armor: Robe              |    54 |    64 |    54 |    66 ||   238
Dodge: Dodged            |    73 |    93 |    84 |   124 ||   374

Table legend: (Time is in decaauts)
 A = Elapsed time spent in this place.
 B = Non-inter-level travel time spent in this place.
 C = Inter-level travel time spent in this place.
 D = Time resting spent in this place.
 E = Time spent auto-exploring this place.
 F = Levels seen in this place.
 G = Mean time per level.
                   A        B        C        D        E       F      G
               +--------+--------+--------+--------+--------+-----+--------+
         Total |   8122 |   7886 |    236 |    490 |   3868 |  14 |  580.1 |
       Dungeon |   7337 |   7117 |    220 |    431 |   3754 |  11 |  667.0 |
  Orcish Mines |    564 |    548 |     16 |     59 |    114 |   2 |  282.0 |
         Sewer |    221 |    221 |      0 |      0 |      0 |   1 |  221.0 |
               +--------+--------+--------+--------+--------+-----+--------+

Top non-repeatable levels by time:
    D:10: 938 daAuts
     D:6: 915 daAuts
     D:4: 845 daAuts
     D:1: 773 daAuts
     D:9: 700 daAuts
     D:7: 690 daAuts
     D:8: 683 daAuts
     D:2: 570 daAuts
     D:3: 538 daAuts
   Orc:1: 530 daAuts
     D:5: 502 daAuts
   Sewer: 221 daAuts
    D:11: 179 daAuts
   Orc:2: 33 daAuts
